AoeStats
← I hate snigkers

MegaRandom

509930109Analyzed
2v2 RM · 4d ago on Sep 28, 2026· 59m 49s· 4 players
Game mode
Random Map
Map size
Medium (4 player)
Population
200
Speed
Normal
Resources
Standard
Victory
Conquest
Starting age
Dark Age
Ending age
Imperial Age
RankedLock teamsTeams togetherTeam positionsShared explorationLock speedFull tech treeHidden civsTurbo modeCheats
Victory
Defeat
🇺🇸 Franks · United States
583
+13
🇨🇿 Khmer · Czechia
556
+14
🇲🇽 Sicilians · Mexico
515
-14
🇲🇽 Persians · Mexico
506
-13
ALEXANDER THE GREAT
9:49 Loom
12:43 Feudal Age
19:12 Castle Age
18:09 Double-Bit Axe
20:48 Wheelbarrow
20:17 Gold Mining
20:18 Stone Mining
24:50 Hand Cart
25:47 Bow Saw
28:00 Husbandry
28:14 Scale Barding Armor
29:30 Chain Barding Armor
33:16 Padded Archer Armor
40:42 Imperial Age
41:28 Gold Shaft Mining
40:37 Ordonnance Companies
40:58 Cavalier
42:04 Town Watch
43:17 Coinage
43:28 Plate Barding Armor
42:40 Heavy Mounted Crossbowman
42:46 Cranequins
43:27 Paladin
46:03 Banking
55:58 Chemistry
I hate snigkers
0:31 Loom
15:37 Feudal Age
15:55 Man-at-Arms
21:25 Double-Bit Axe
23:14 Bloodlines
29:03 Scale Barding Armor
30:19 Forging
34:51 Castle Age
36:41 Iron Casting
36:28 Town Watch
40:07 Chain Barding Armor
39:09 Light Cavalry
39:16 Crossbowman
39:18 Long Swordsman
39:19 Pikeman
40:43 Town Patrol
42:25 Wheelbarrow
41:54 Tusk Swords
42:14 Husbandry
42:17 Stone Mining
45:04 Hand Cart
49:57 Imperial Age
48:23 Scale Mail Armor
48:23 Padded Archer Armor
48:16 Fletching
49:56 Ballistics
49:49 Bodkin Arrow
50:10 Chain Mail Armor
51:14 Gold Mining
57:18 Siege Engineers
58:14 Chemistry
57:58 Arbalester
DiegoMoost
1:18 Loom
12:15 Feudal Age
13:11 Double-Bit Axe
13:59 Horse Collar
15:52 Wheelbarrow
15:32 Forging
15:22 Scale Mail Armor
17:53 Scale Mail Armor
21:30 Wheelbarrow
25:55 Castle Age
28:19 Bow Saw
28:28 Stone Mining
28:28 Gold Mining
30:14 Iron Casting
29:54 Chain Mail Armor
29:46 Scale Barding Armor
29:32 Fletching
29:42 Padded Archer Armor
32:39 Imperial Age
30:57 Chain Mail Armor
34:20 Masonry
39:02 Hand Cart
38:33 Town Watch
39:20 Fervor
39:08 Herbal Medicine
38:54 Pikeman
42:18 Chemistry
42:33 Plate Mail Armor
47:18 Halberdier
50:26 Town Patrol
52:17 Conscription
51:18 Elite Serjeant
56:17 First Crusade
59:37 Onager
XxAngelxX07515
5:26 Loom
12:35 Feudal Age
13:56 Wheelbarrow
13:51 Horse Collar
14:57 Wheelbarrow
16:23 Double-Bit Axe
19:28 Scale Barding Armor
19:36 Forging
20:59 Bloodlines
21:09 Man-at-Arms
22:05 Gold Mining
22:06 Stone Mining
26:15 Castle Age
28:04 Hand Cart
28:52 Caravan
32:12 Husbandry
32:50 Scale Mail Armor
33:14 Chain Barding Armor
34:39 Gold Shaft Mining
35:42 Light Cavalry
43:45 Stone Shaft Mining
43:22 Heavy Plow
43:36 Bow Saw
54:29 Squires
55:32 Pikeman
Connection lost

Rejoining the realm…

Still unreachable

The connection could not be restored.

Session expired

The server has moved on; the page needs a fresh start.